AoeStats
← King PbZER4

Hideout

507868328Analyzed
1v1 RM · 11d ago on Sep 20, 2026· 39m 5s· 2 players
Game mode
Random Map
Map size
Tiny (2 player)
Population
200
Speed
Normal
Resources
Standard
Victory
Conquest
Starting age
Dark Age
Ending age
Imperial Age
RankedLock teamsTeams togetherTeam positionsShared explorationLock speedFull tech treeHidden civsTurbo modeCheats
Victory
Defeat
🇦🇷 Britons · Argentina
1176
+17
🇵🇹 Portuguese · Portugal
1195
-17
King PbZER4
10:19 Feudal Age
14:39 Castle Age
12:46 Double-Bit Axe
15:30 Loom
16:22 Wheelbarrow
16:03 Bow Saw
18:46 Fletching
19:57 Horse Collar
23:00 Gold Mining
23:33 Heavy Plow
24:51 Town Watch
25:36 Hand Cart
27:57 Scale Mail Armor
28:07 Forging
27:36 Pikeman
28:17 Squires
28:02 Gambesons
29:10 Chain Mail Armor
34:42 Iron Casting
37:28 Crossbowman
kingSPARTAKOSpt
9:32 Feudal Age
9:27 Loom
10:12 Horse Collar
10:19 Double-Bit Axe
18:05 Castle Age
16:41 Gold Mining
17:00 Scale Barding Armor
17:49 Bloodlines
17:51 Forging
19:23 Wheelbarrow
20:11 Wheelbarrow
21:19 Husbandry
23:16 Chain Barding Armor
23:38 Iron Casting
24:19 Light Cavalry
25:35 Stone Mining
39:23 Loom
Connection lost

Rejoining the realm…

Still unreachable

The connection could not be restored.

Session expired

The server has moved on; the page needs a fresh start.